 Dungeon Sprint DCSS version 0.26-a0-662-g8b9c6dab81 (webtiles) character file.

Game seed: 2652383322632229372

6 sahdkjhfkaj the Gusty (level 1, -2/13 HPs)
             Began as a Demonspawn Air Elementalist on Oct 10, 2020.
             Was an Initiate of Sif Muna.
             Slain by a worker ant (3 damage)
             ... in the Dungeon (Sprint VII: "The Pits").
             The game lasted 00:01:33 (227 turns).

sahdkjhfkaj the Gusty (Demonspawn Air Elementalist)  Turns: 227, Time: 00:01:36

Health: -2/13      AC:  2    Str:  8    XL:     1   Next: 75%
Magic:  0/3        EV: 12    Int: 16    God:    Sif Muna [......]
Gold:   0          SH:  0    Dex: 13    Spells: 3/4 levels left

rFire    . . .     SeeInvis .   m - +2 falchion
rCold    . . .     Faith    .   (no shield)
rNeg     . . .     Spirit   .   a - +0 robe
rPois    .         Reflect  .   (no helmet)
rElec    .         Harm     .   (no cloak)
rCorr    .         Rampage  .   (no gloves)
MR       .....     NoTele   +   (no boots)
Stlth    ++........             (no amulet)
HPRegen  0.04/turn              (no ring)
MPRegen  0.08/turn              (no ring)

@: lethally poisoned (-2 -> -15)
A: no striking features
a: Renounce Religion


You were in the Dungeon.
You worshipped Sif Muna.
Sif Muna was noncommittal.
You visited 1 branch

Inventory:

Hand Weapons
 m - a +2 falchion (weapon)
Armour
 a - a +0 robe (worn)
Scrolls
 h - a scroll of blinking
 i - 3 scrolls of remove curse
 j - 5 scrolls of amnesia
 k - a scroll of summoning
 l - 2 scrolls of vulnerability
Potions
 b - 2 potions of invisibility
 c - a potion of curing
 e - a potion of haste
 f - 4 potions of magic
 g - 3 potions of berserk rage


   Skills:
 - Level 1.7 Dodging
 - Level 1.7 Stealth
 + Level 2.4 Spellcasting
 * Level 2.3 Conjurations
 * Level 3.4 Air Magic


You had 3 spell levels left.
You knew the following spells:

 Your Spells              Type           Power        Failure   Level
a - Shock                 Conj/Air       ##..         6%          1

Your spell library contained the following spells:

 Spells                   Type           Power        Failure   Level
 Swiftness                Air            ##......     8%          2
 Static Discharge         Conj/Air       ##......     19%         3
 Airstrike                Air            ##........   43%         4
 Lightning Bolt           Conj/Air       ##........   86%         5


Dungeon Overview and Level Annotations

Branches:
Dungeon (1/1)

Altars:
Ashenzari
Cheibriados
Dithmenos
Elyvilon
Fedhas
Gozag
Hepliaklqana
Kikubaaqudgha
Makhleb
Nemelex Xobeh
Okawaru
Qazlal
Ru
Sif Muna
Trog
Uskayaw
Vehumet
Wu Jian
Xom
Yredelemnul
Zin
The Shining One
Beogh
Jiyva
Lugonu


Message History

Press: ? - help, Shift-Dir - straight line, f/p - worker ant
Aim: a worker ant (heavily wounded)
The zap hits the worker ant.
The worker ant is heavily wounded.
The zap hits the ooze.
The ooze is heavily wounded.
The worker ant bites you!
Ouch! That really hurt!
* * * LOW HITPOINT WARNING * * *
You feel much better. The worker ant bites you.
* * * LOW HITPOINT WARNING * * *
You are lethally poisoned!
The worker ant poisons you!
You hit the worker ant but do no damage.
The worker ant is heavily wounded.
* * * LOW HITPOINT WARNING * * *
You feel sick. The worker ant bites you.
* * * LOW HITPOINT WARNING * * *
The worker ant bites you.
You die...

#_________.#
#_______...###########++
##########'##...........
#..(.')))'.##......#..#.
##########.##...........
#...........'...........
#+#####'#####......#..#.
#.)#..##...........
+.@BJ.#####'#####++
####+###.......#
#.......# #.......#
#...<...# #.......#
#.......# #.......#
#########


You could see a worker ant and an ooze.

Vanquished Creatures
  An ooze (D)
  A hobgoblin (D)
2 creatures vanquished.

Notes
Turn   | Place    | Note
-------+----------+-------------------------------------------
     0 | D        | sahdkjhfkaj the Demonspawn Air Elementalist began the quest
                  | for the Orb.
     0 | D        | Reached XP level 1. HP: 13/13 MP: 3/3
    36 | D        | Reached skill level 3 in Air Magic
   119 | D        | Found a bloodstained altar of Trog.
   119 | D        | Found a shimmering blue altar of Sif Muna.
   119 | D        | Found a viscous altar of Jiyva.
   119 | D        | Found a hazy altar of Hepliaklqana.
   119 | D        | Found an opulent altar of Gozag.
   120 | D        | Found a glowing golden altar of the Shining One.
   120 | D        | Found a glowing silver altar of Zin.
   120 | D        | Found a basalt altar of Yredelemnul.
   120 | D        | Found a shimmering altar of Xom.
   120 | D        | Found an ornate altar of the Wu Jian Council.
   120 | D        | Found a sacrificial altar of Ru.
   120 | D        | Found a stormy altar of Qazlal.
   120 | D        | Found an iron altar of Okawaru.
   120 | D        | Found a sparkling altar of Nemelex Xobeh.
   120 | D        | Found a burning altar of Makhleb.
   120 | D        | Found a blossoming altar of Fedhas.
   120 | D        | Found a white marble altar of Elyvilon.
   120 | D        | Found a shadowy altar of Dithmenos.
   120 | D        | Found a snail-covered altar of Cheibriados.
   123 | D        | Found a corrupted altar of Lugonu.
   123 | D        | Found a radiant altar of Vehumet.
   123 | D        | Found a roughly hewn altar of Beogh.
   124 | D        | Found an ancient bone altar of Kikubaaqudgha.
   124 | D        | Found a hide-covered altar of Uskayaw.
   124 | D        | Found a broken altar of Ashenzari.
   129 | D        | Became a worshipper of Sif Muna the Loreminder
   222 | D        | Noticed a worker ant
   227 | D        | Slain by a worker ant

Illustrated notes

Levels and vault maps discovered:
D:        pitsprint [storerooms_1, entrance_room_1, metal_vault_5, armoury_2,
          mini_pit_1, grid_room_1, main_hall_1, silver_pit, the_coven_3,
          the_vestibule_1, steel_vault_5, golden_pit, hallway_of_sentries,
          crystal_vault_4, iron_vault_5, final_vault]

Skill      XL: |  1 |
---------------+----+-----
Conjurations   | 2 |  2.3
Air Magic      | 3 |  3.4
Dodging        | |  1.7
Stealth        | |  1.7
Spellcasting   | |  2.4

Action                   || total
-------------------------++-------
Melee: Unarmed           ||     6
       Falchion          ||     1
 Cast: Shock             ||     9
  Use: Potion            ||     1
Dodge: Dodged            ||     5
       Rpst.: Falchion   ||     1

Table legend: (Time is in decaauts)
 A = Elapsed time spent in this place.
 B = Non-inter-level travel time spent in this place.
 C = Inter-level travel time spent in this place.
 D = Time resting spent in this place.
 E = Time spent auto-exploring this place.
 F = Levels seen in this place.
 G = Mean time per level.
                   A        B        C        D        E       F      G
               +--------+--------+--------+--------+--------+-----+--------+
         Total |    226 |    226 |      0 |    119 |      0 |   1 |  226.0 |
       Dungeon |    226 |    226 |      0 |    119 |      0 |   1 |  226.0 |
               +--------+--------+--------+--------+--------+-----+--------+

Top non-repeatable levels by time:
       D: 226 daAuts
